 Dungeon Crawl Stone Soup version 0.28-a0-1227-ga9037bb4c8 (webtiles) character file.

Game seed: 8163596571139889746

5615 ragingrage the Fighter (level 10, -6/110 HPs)
             Began as an Ogre Fire Elementalist on Dec 23, 2021.
             Was a Believer of Vehumet.
             Mangled by a wraith (9 damage)
             ... on level 10 of the Dungeon.
             The game lasted 00:19:30 (11906 turns).

ragingrage the Fighter (Ogre Fire Elementalist)    Turns: 11906, Time: 00:19:30

Health: -6/110     AC: 11    Str: 16    XL:     10   Next: 73%
Magic:  15/23      EV:  9    Int: 32    God:    Vehumet [**....]
Gold:   184        SH:  5    Dex: 11    Spells: 13/27 levels left

rFire   . . .      SeeInvis .   m - +9 short sword "Vaisych" {flame, Str+2 Int+6 Dex+2}
rCold   . . .      Faith    .   (no shield)
rNeg    . . .      Spirit   .   G - +0 acid dragon scales
rPois   .          Reflect  +   (helmet restricted)
rElec   .          Harm     .   (no cloak)
rCorr   +          Rampage  .   (gloves unavailable)
Will    +....                   (boots unavailable)
Stlth   +.........              v - amulet of reflection
HPRegen 0.28/turn               w - +4 ring of protection
MPRegen 0.18/turn               d - +6 ring of intelligence

@: slowed, very slow
A: large, unfitting armour, tough skin 1
a: Renounce Religion


You were on level 10 of the Dungeon.
You worshipped Vehumet.
Vehumet was pleased with you.
You visited 2 branches of the dungeon, and saw 11 of its levels.

You collected 361 gold pieces.
You spent 177 gold pieces at shops.

Inventory:

Hand Weapons
 m - the +9 short sword "Vaisych" (weapon) {flame, Str+2 Int+6 Dex+2}
   (You found it on level 7 of the Dungeon)

   It burns those it strikes, dealing additional fire damage.
   Str:       It affects your strength (+2).
   Int:       It affects your intelligence (+6).
   Dex:       It affects your dexterity (+2).
 F - a +2 rapier of venom
Missiles
 b - 5 datura-tipped darts
 c - 44 poisoned darts
 j - 2 curare-tipped darts (quivered)
 E - 3 throwing nets
Armour
 G - +0 acid dragon scales (worn)
Jewellery
 a - a +6 ring of intelligence
 d - a +6 ring of intelligence (right hand)
 s - a ring of protection from cold
 v - an amulet of reflection (around neck)
 w - a +4 ring of protection (left hand)
 C - the ring "Winenut" {Will+ rCorr}
   (You bought it in a shop on level 4 of the Dungeon)

   [ring of willpower]

   rCorr:     It protects you from acid and corrosion.
   Will:      It increases your willpower.
Wands
 e - a wand of mindburst (15)
 f - a wand of flame (7)
 i - a wand of iceblast (24)
 A - a wand of charming (14)
Scrolls
 h - a scroll of teleportation
 p - 3 scrolls of summoning
 r - 2 scrolls of identify
 t - a scroll of amnesia {unknown}
 u - 5 scrolls of magic mapping {unknown}
 x - 2 scrolls of fear
 y - 2 scrolls of immolation {unknown}
 B - a scroll of enchant armour
Potions
 g - 5 potions of might
 k - 2 potions of attraction {unknown}
 l - a potion of magic {unknown}
 n - 2 potions of heal wounds
 o - a potion of curing {unknown}
 q - 3 potions of lignification {unknown}
 z - 4 potions of degeneration {unknown}
 D - 2 potions of ambrosia {unknown}


   Skills:
 + Level 10.2 Fighting
 - Level 1.7 Dodging
 - Level 1.4 Stealth
 + Level 9.0 Spellcasting
 + Level 7.2 Conjurations
 + Level 7.7 Fire Magic


You had 13 spell levels left.
You knew the following spells:

 Your Spells              Type           Power      Damage    Failure   Level
a - Foxfire               Conj/Fire      100%       2x1d9     1%          1
b - Scorch                Fire           100%       2d10      1%          2
c - Conjure Flame         Conj/Fire      58%        6-21      1%          3
d - Flame Wave            Conj/Fire      58%        2d9       1%          4
e - Iskenderun's Mystic   Conj/Tloc      37%        2d9       11%         4

Your spell library contained the following spells:

 Spells                   Type           Power      Damage    Failure   Level
 Ignite Poison            Fire/Tmut/Pois 31%        N/A       4%          3
 Inner Flame              Hex/Fire       39%        N/A       2%          3
 Dazzling Flash           Conj/Hex       74%        N/A       3%          3
 Gell's Gravitas          Tloc           14%        N/A       14%         3
 Lesser Beckoning         Tloc           14%        N/A       14%         3
 Ozocubu's Armour         Ice            14%        N/A       14%         3
 Teleport Other           Tloc           14%        N/A       14%         3
 Starburst                Conj/Fire      29%        6d9       32%         6
 Metabolic Englaciation   Hex/Ice        7%         N/A       77%         5
 Simulacrum               Ice/Necr       7%         N/A       100%        6


Dungeon Overview and Level Annotations

Branches:
Dungeon (10/15)            Temple (1/1) D:5
   Lair: D:8-11         Orc: D:9-12

Altars:
Ashenzari
Cheibriados
Dithmenos
Elyvilon
Fedhas
Gozag
Hepliaklqana
Kikubaaqudgha
Makhleb
Nemelex Xobeh
Okawaru
Qazlal
Ru
Sif Muna
Trog
Vehumet
Wu Jian
Xom
Yredelemnul
Zin
The Shining One

Shops:
D:3 [   D:4 *   D:6 [*(

Annotations:
D:2 1 runed translucent door, Crazy Yiuf
D:6 exclusion: downstairs
D:9 exclusion: upstairs


Innate Abilities, Weirdness & Mutations

You are too large for most types of armour.
You have tough skin. (AC +1)


Message History

Casting: Scorch (safe; 1% risk of failure)
Confirm with . or Enter, or press ? or * to list all spells.
Flames lash the sun demon but do no damage.
The kobold demonologist hits you but does no damage.
The sun demon hits you!
You are engulfed in flames!
You hit the kobold demonologist. You burn the kobold demonologist.
The kobold demonologist is heavily wounded.
The kobold demonologist is no longer more vulnerable to fire.
The kobold demonologist looks braver for a moment.
The sun demon hits you!
You are engulfed in flames!
You puncture the kobold demonologist! You burn the kobold demonologist.
The kobold demonologist is almost dead.
The kobold demonologist hits you but does no damage.
The sun demon hits you.
You are engulfed in flames!
The wraith hits you. The wraith drains your vigour!
You feel yourself slow down.
The sun demon hits you but does no damage.
The kobold demonologist hits you but does no damage.
You completely miss the kobold demonologist.
The kobold demonologist is almost dead.
The wraith closely misses you. You block the sun demon's attack.
The kobold demonologist hits you but does no damage.
The wraith hits you but does no damage.
You hit the kobold demonologist but do no damage.
The kobold demonologist is almost dead.
The sun demon hits you but does no damage.
The kobold demonologist mumbles some strange words.
The wraith hits you. The wraith drains your vigour!
You feel as though you will be slow longer.
The sun demon barely misses you.
The kobold demonologist hits you with a +0 dagger.
You barely miss the kobold demonologist.
The kobold demonologist is almost dead.
The sun demon closely misses you. The wraith barely misses you.
The kobold demonologist hits you but does no damage.
The sun demon hits you!!
* * * LOW HITPOINT WARNING * * *
You are engulfed in flames!
* * * LOW HITPOINT WARNING * * *
The wraith hits you!
You die...

........# ...
..... ####
#...<.......#
#......#....#
.#...#..#..#.#
.......3.....##
......WK3......
#.@#
........)......
###############


You could see 2 sun demons, a kobold demonologist and a wraith.

Vanquished Creatures
  A two-headed ogre (D:9)
  Maggie (D:9)
  A kobold demonologist (D:9)
  Grinder (D:6)
  A wyvern (D:8)
  Eustachio (D:5)
  8 yaks
  A water moccasin (D:7)
  An orc warrior (D:6)
  A sky beast (D:8)
  5 ice beasts
  2 ogres
  2 centaurs
  3 kobold brigands
  2 bullfrogs
  3 scorpions
  2 water moccasin skeletons
  3 killer bees (D:8)
  7 wights
  A bullfrog zombie (D:5)
  2 centaur zombies
  3 gnoll shamans
  2 hounds (D:6)
  A bullfrog skeleton (D:4)
  Ijyb (D:3)
  Natasha (thrice) (D:2)
  2 iguanas
  2 orc wizards
  A killer bee zombie (D:8)
  A hound skeleton (D:4)
  A howler monkey zombie (D:7)
  3 adders
  11 gnolls
  2 ufetubi (D:6)
  An adder skeleton (D:5)
  2 worms
  3 dart slugs
  25 orcs
  5 ball pythons
  6 bats
  9 endoplasms
  A giant cockroach (D:4)
  14 goblins
  7 hobgoblins
  4 jackals (D:2)
  13 kobolds
  A quokka (D:4)
  6 frilled lizards
  5 rats
  2 butterflies (D:7)
186 creatures vanquished.

Vanquished Creatures (others)
  816 foxfires
  8 plants (D:2)
824 creatures vanquished.

Grand Total: 1010 creatures vanquished

Notes
Turn   | Place    | Note
-------+----------+-------------------------------------------
     0 | D:1      | ragingrage the Ogre Fire Elementalist began the quest for
                  | the Orb.
     0 | D:1      | Reached XP level 1. HP: 16/16 MP: 3/3
    70 | D:1      | Reached skill level 1 in Conjurations
   382 | D:1      | Found a faded altar of an unknown god.
   399 | D:1      | Reached XP level 2. HP: 16/26 MP: 0/5
   521 | D:1      | Reached skill level 1 in Fighting
  1124 | D:1      | Reached XP level 3. HP: 33/33 MP: 2/7
  1866 | D:2      | Noticed Natasha
  1870 | D:2      | Killed Natasha
  1871 | D:2      | Reached skill level 2 in Fighting
  1871 | D:2      | Reached XP level 4. HP: 34/42 MP: 3/8
  1946 | D:2      | Noticed Natasha
  1954 | D:2      | Killed Natasha
  2000 | D:2      | Noticed Natasha
  2012 | D:2      | Killed Natasha
  2148 | D:2      | You fall into a shaft and drop 1 floor!
  2250 | D:2      | Reached XP level 5. HP: 50/50 MP: 5/10
  2402 | D:2      | Reached skill level 3 in Fighting
  2623 | D:2      | Found a runed translucent door.
  2624 | D:2      | Noticed Crazy Yiuf
  3612 | D:3      | Learned a level 2 spell: Scorch
  3655 | D:3      | Learned a level 3 spell: Conjure Flame
  3771 | D:3      | Noticed Ijyb
  3790 | D:3      | Killed Ijyb
  3966 | D:3      | Found Ichoff's Armour Emporium.
  4366 | D:4      | Noticed an ogre
  4374 | D:4      | Killed an ogre
  4375 | D:4      | Reached XP level 6. HP: 62/62 MP: 3/12
  4483 | D:4      | Found Lesunext's Assorted Antiques.
  4594 | D:4      | Reached skill level 4 in Fighting
  4734 | D:4      | Reached XP level 7. HP: 20/71 MP: 2/13
  5694 | D:5      | Entered Level 5 of the Dungeon
  5700 | D:5      | Reached skill level 5 in Spellcasting
  5702 | D:5      | Reached skill level 5 in Fighting
  5831 | D:5      | Found a staircase to the Ecumenical Temple.
  5876 | Temple   | Entered the Ecumenical Temple
  6104 | D:5      | Noticed Eustachio
  6113 | D:5      | Killed Eustachio
  6126 | D:5      | Reached XP level 8. HP: 72/81 MP: 3/16
  6608 | D:5      | Found a radiant altar of Vehumet.
  6741 | D:5      | Became a worshipper of Vehumet
  6766 | D:6      | Found Pyqify's Weapon Shop.
  6859 | D:4      | Bought a vibrating jade ring for 100 gold pieces
  6859 | D:4      | Identified the ring "Winenut" {Will+ rCorr} (You bought it
                  | in a shop on level 4 of the Dungeon)
  6915 | D:6      | Reached skill level 5 in Fire Magic
  6926 | D:6      | Noticed Grinder
  6933 | D:6      | Killed Grinder
  6934 | D:6      | Reached skill level 6 in Fighting
  7527 | D:6      | Found Lionyemp's General Store.
  7530 | D:6      | Bought a scroll of fear for 49 gold pieces
  7530 | D:6      | Bought a scroll of identify for 28 gold pieces
  7548 | D:6      | Found Sedusaele's Antique Armour Shop.
  7668 | D:6      | Reached skill level 7 in Fighting
  7723 | D:6      | Reached skill level 5 in Conjurations
  7723 | D:6      | Reached XP level 9. HP: 48/93 MP: 6/18
  8428 | D:6      | Reached * piety under Vehumet
  8428 | D:6      | Offered knowledge of Magic Dart by Vehumet.
  8505 | D:6      | Learned a level 4 spell: Flame Wave
  8510 | D:6      | Learned a level 4 spell: Iskenderun's Mystic Blast
  9453 | D:7      | Reached skill level 8 in Fighting
  9676 | D:7      | Identified the +9 short sword "Vaisych" {flame, Str+2 Int+6
                  | Dex+2}
  9724 | D:7      | Found a bloodstained altar of Trog.
  9814 | D:7      | Found a shimmering altar of Xom.
  9929 | D:7      | Found an iron altar of Okawaru.
 10130 | D:8      | Offered knowledge of Static Discharge by Vehumet.
 10134 | D:8      | Reached ** piety under Vehumet
 10340 | D:8      | Reached XP level 10. HP: 105/106 MP: 6/21
 10465 | D:8      | Found a burning altar of Makhleb.
 10481 | D:8      | Reached skill level 9 in Fighting
 11352 | D:9      | Noticed Maggie
 11355 | D:9      | Noticed a two-headed ogre
 11358 | D:9      | Killed Maggie
 11362 | D:9      | Killed a two-headed ogre
 11363 | D:9      | Reached skill level 10 in Fighting
 11573 | D:9      | Offered knowledge of Ignite Poison by Vehumet.
 11661 | D:9      | Noticed a kobold demonologist
 11664 | D:9      | Noticed an orange demon
 11665 | D:9      | Noticed an orange demon
 11669 | D:9      | Killed a kobold demonologist
 11673 | D:8      | Noticed a rust devil
 11673 | D:8      | Noticed a rust devil
 11823 | D:9      | Noticed a kobold demonologist
 11829 | D:9      | Noticed a kobold demonologist
 11833 | D:9      | Noticed a kobold demonologist
 11839 | D:10     | Entered Level 10 of the Dungeon
 11894 | D:9      | Noticed an orange demon
 11900 | D:10     | Noticed a sun demon
 11906 | D:10     | Noticed a sun demon
 11906 | D:10     | HP: 3/110 [sun demon[a kobold demonologist] (16)]
 11906 | D:10     | Mangled by a wraith

Illustrated notes

Levels and vault maps discovered:
D:1:      eino_arrival_tree_alley, layout_basic,
          chequers_ecumenical_altar_simple
D:2:      layout_loops_ring, chequers_big_river, uniq_crazy_yiuf_cottage,
          uniq_natasha
D:3:      layout_basic, serial_shops, nicolae_shop_hallway_plus, minivault_25,
          minmay_circle_x, uniq_ijyb
D:4:      layout_loops_ring, serial_shops, nicolae_shop_overgrown_old_shop
D:5:      layout_cave_pools, mainiacjoe_overflow_boulevard,
          minmay_temple_entry_junction, minmay_crystal_water,
          grunt_decor_resistance, uniq_eustachio
D:6:      layout_gridville, serial_shops, nicolae_shop_behind_doors, shop,
          skrybe_limestone_x, nicolae_stop_n_shop_2, kennysheep_cluttered_room,
          dk_noncrumbling_4, uniq_grinder
D:7:      layout_loops_ring, xom_butterflies, trog_three_pillars_becter,
          kennysheep_okawaru_gauntlet
D:8:      cheibrodos_iron_armory, layout_cave_pools,
          mainiacjoe_overflow_chevrons, kennysheep_generic_room_15
D:9:      layout_cave_pools, david_orc_4, corexii_corridor_pit,
          chequers_serial_rivers_small_b, uniq_maggie
D:10:     layout_stronghold, nicolae_uskayaw_dance_studio, serial_shops,
          nicolae_stop_n_shop_2, uniq_joseph
Temple:   regret_index_temple_sphere_string

Skill      XL: |  1  2  3  4  5  6  7  8  9 10 |
---------------+-------------------------------+-----
Conjurations   | 1 2 3 5 6 7 |  7.2
Fighting       | 1 2 3 4 5 7 8 10 | 10.2
Fire Magic     | 3 4 5 6 7 |  7.7
Spellcasting   | 3 4 5 6 7 9 |  9.0
Dodging        | |  1.7
Stealth        | |  1.4

Action                   |  1- 3 |  4- 6 |  7- 9 | 10-12 || total
-------------------------+-------+-------+-------+-------++-------
Melee: Unarmed           |    11 |       |       |       ||    11
       Dagger            |    13 |    50 |    17 |       ||    80
       Hand axe          |     6 |     3 |       |       ||     9
       Rapier            |       |       |    16 |       ||    16
       Short sword       |       |       |       |     9 ||     9
Throw: Dart              |       |       |       |     1 ||     1
 Cast: Foxfire           |    60 |   132 |   208 |   101 ||   501
       Scorch            |       |     2 |    44 |    25 ||    71
       Flame Wave        |       |       |     3 |       ||     3
Evoke: Wand              |       |     1 |       |       ||     1
  Use: Scroll            |       |     2 |     4 |       ||     6
Armor: Robe              |    11 |    11 |    32 |    13 ||    67
       Acid dragon scale |       |       |       |    20 ||    20
Dodge: Dodged            |    18 |    30 |    43 |    29 ||   120
Block: Other             |       |       |    18 |    16 ||    34
       Reflection        |       |       |     3 |     2 ||     5

Table legend: (Time is in decaauts)
 A = Elapsed time spent in this place.
 B = Non-inter-level travel time spent in this place.
 C = Inter-level travel time spent in this place.
 D = Time resting spent in this place.
 E = Time spent auto-exploring this place.
 F = Levels seen in this place.
 G = Mean time per level.
                   A        B        C        D        E       F      G
               +--------+--------+--------+--------+--------+-----+--------+
         Total |  11924 |  11495 |    429 |   2776 |   7051 |  11 | 1084.0 |
       Dungeon |  11757 |  11346 |    411 |   2776 |   6918 |  10 | 1175.7 |
        Temple |    166 |    148 |     18 |      0 |    133 |   1 |  166.0 |
               +--------+--------+--------+--------+--------+-----+--------+

Top non-repeatable levels by time:
     D:6: 1974 daAuts
     D:1: 1656 daAuts
     D:2: 1515 daAuts
     D:4: 1431 daAuts
     D:7: 1355 daAuts
     D:8: 1200 daAuts
     D:3: 1133 daAuts
     D:5: 936 daAuts
     D:9: 488 daAuts
  Temple: 166 daAuts
    D:10: 65 daAuts
